[Event "4NCL Div 1 2018-19"]
[Site "Daventry"]
[Date "2018.11.10"]
[Round "1"]
[White "Makkar, Rajat"]
[Black "Kolbus, Dietmar"]
[Result "1/2-1/2"]
[ECO "D76"]
[WhiteElo "2173"]
[BlackElo "2305"]
[Annotator "NA"]
[PlyCount "76"]
[EventDate "2018.11.10"]
[EventType "team-tourn"]
[EventCountry "GBR"]
[SourceTitle "playchess.com"]
[Source "ChessBase"]
[SourceQuality "1"]
[TimeControl "40/6000+30:3000+30"]

1. d4 Nf6 2. c4 g6 3. g3 Bg7 4. Bg2 d5 5. cxd5 Nxd5 6. Nf3 Nb6 7. O-O Nc6 8. e3 O-O 9. Nc3 e5 10. d5 Na5 11. e4 c6 12. dxc6 Nxc6 13. b3 {[%emt 0:06:23] D76: Fianchetto Grünfeld: Main Line with 7...Nb6} Bg4 14. Ba3 (14. h3 Qxd1 15. Rxd1 Bxf3 16. Bxf3 Nd4 17. Kg2 Rac8 18. Bd2 Rfd8 19. Rac1 Rc6 20. Bg5 Rdc8 {1-0 (62) Pereira,R (2420)-Fernandes,A (2403) Maia 2018}) 14... Qxd1 15. Raxd1 $146 ({Predecessor:} 15. Rfxd1 Rfd8 16. Rxd8+ Rxd8 17. Rd1 Nd4 18. Kh1 Bf6 19. Rd3 Nxf3 20. Rxd8+ Bxd8 {½-½ (44) Helbig,J (2180)-Herbrechtsmeier,C (2280) Germany 1998}) 15... Rfd8 16. h3 Bxf3 17. Bxf3 Nd4 18. Kg2 Bf8 19. Bxf8 Kxf8 20. Rd3 Ke7 21. Rfd1 h5 22. Ne2 Nc6 23. a3 $15 Rxd3 24. Rxd3 Rd8 25. Rxd8 Kxd8 26. Nc3 Nd4 27. Bd1 Ke7 28. f4 Kd6 29. Kf2 a5 30. Ne2 Nb5 31. a4 Nc7 32. Nc1 Na6 33. Nd3 Nd7 34. Ke3 Nac5 35. Bc2 Ne6 36. Bd1 Nec5 37. Bc2 Ne6 38. Bd1 Nec5 1/2-1/2

[Event "4NCL Div 1 2018-19"]
[Site "Daventry"]
[Date "2018.11.10"]
[Round "1"]
[White "Stepanyan, Henrik"]
[Black "Touzane, Olivier"]
[Result "1-0"]
[ECO "E61"]
[WhiteElo "2158"]
[BlackElo "2297"]
[Annotator "ChessBase"]
[PlyCount "97"]
[EventDate "2018.11.10"]
[EventType "team-tourn"]
[EventCountry "GBR"]
[SourceTitle "playchess.com"]
[Source "ChessBase"]
[SourceQuality "1"]
[TimeControl "40/6000+30:3000+30"]

1. d4 Nf6 2. Nf3 g6 3. c4 d6 4. Nc3 Bf5 5. g3 Bg7 6. Bg2 Qc8 7. Qb3 Nc6 8. d5 Nd8 9. Nd4 Bh3 10. Qa4+ Bd7 11. Qd1 c5 12. Nf3 a6 13. a4 Bh3 14. O-O h5 15. Bxh3 Qxh3 16. Ng5 Qd7 17. h4 Ng4 18. Qc2 Bd4 19. Bd2 Rg8 20. a5 f6 21. Nf3 Ne5 22. Nxe5 Qh3 23. Nf3 Qxg3+ 24. Kh1 Qh3+ 25. Nh2 Qxh4 26. Qe4 Bxf2 27. Qxh4 Bxh4 28. Nf3 Bg3 29. Ne4 Be5 30. Nxe5 fxe5 31. Ng5 Rb8 32. Ra3 Rf8 33. Rxf8+ Kxf8 34. Kg2 Ke8 35. Rb3 Kd7 36. Ne4 Nf7 37. Rf3 Ke8 38. Rg3 Nh8 39. Ng5 b5 40. Rb3 b4 41. Rf3 Kd7 42. b3 Rg8 43. Kh3 Ke8 44. Kh4 Rg7 45. Ne6 Rg8 46. Be3 e4 47. Rf1 g5+ 48. Kxh5 Ng6 49. Kh6 1-0

[Event "4NCL Div 1 2018-19"]
[Site "Daventry"]
[Date "2018.11.10"]
[Round "1"]
[White "Dunn, Andrew"]
[Black "Gayson, Peter M"]
[Result "1/2-1/2"]
[ECO "A81"]
[WhiteElo "2155"]
[BlackElo "2170"]
[Annotator "NA"]
[PlyCount "74"]
[EventDate "2018.11.10"]
[EventType "team-tourn"]
[EventCountry "GBR"]
[SourceTitle "playchess.com"]
[Source "ChessBase"]
[SourceQuality "1"]
[TimeControl "40/6000+30:3000+30"]

1. d4 f5 2. g3 g6 3. h4 Nh6 4. h5 Nf7 5. hxg6 hxg6 6. Rxh8 Nxh8 7. Nc3 d5 8. Bg2 Be6 9. Nh3 c6 10. Nf4 Bf7 11. Nd3 Nd7 12. Bf4 Bg7 13. e3 e6 $11 14. g4 Qe7 15. Qf3 e5 16. dxe5 Bxe5 17. Nxe5 Nxe5 18. Qh3 O-O-O 19. gxf5 Qf6 20. fxg6+ Be6 21. Qg3 Nhxg6 22. Bg5 Qf5 23. Bxd8 Qxc2 24. Rd1 Kxd8 25. Qg5+ Kd7 26. Ne2 Nd3+ 27. Rxd3 Qxd3 28. Nd4 Qb1+ 29. Ke2 Qxb2+ 30. Kf3 Qb1 31. Kg3 Ne7 32. Nxe6 Kxe6 33. Bh3+ Kf7 34. Qf4+ Ke8 35. Qb8+ Kf7 36. Qf4+ Ke8 37. Qb8+ Kf7 1/2-1/2

[Event "4NCL Div 1 2018-19"]
[Site "Daventry"]
[Date "2018.11.10"]
[Round "1"]
[White "Mihov, Filip"]
[Black "Tan, Justin"]
[Result "0-1"]
[ECO "E53"]
[WhiteElo "2154"]
[BlackElo "2508"]
[Annotator "ChessBase"]
[PlyCount "68"]
[EventDate "2018.11.10"]
[EventType "team-tourn"]
[EventCountry "GBR"]
[SourceTitle "playchess.com"]
[Source "ChessBase"]
[SourceQuality "1"]
[TimeControl "40/6000+30:3000+30"]

1. d4 Nf6 2. c4 e6 3. Nc3 Bb4 4. e3 O-O 5. Bd3 d5 6. a3 Bxc3+ 7. bxc3 dxc4 8. Bxc4 c5 9. Nf3 Qc7 10. Qe2 cxd4 11. Nxd4 e5 12. Nc2 Bf5 13. e4 Bxe4 14. Ra2 Rc8 15. Ne3 Bxg2 16. Rg1 Be4 17. h4 Bg6 18. Bd2 Nbd7 19. Rb2 e4 20. Rg5 Ne5 21. Rxe5 Qxe5 22. Rb5 Rc5 23. Rxb7 Bh5 24. Qf1 Rb8 25. Rb4 a5 26. Rxb8+ Qxb8 27. Be2 Qb1+ 28. Bd1 Rc6 29. a4 Rc5 30. Qa6 h6 31. Qa7 Rd5 32. c4 Rd3 33. f3 Bxf3 34. Qxa5 Rxe3+ 0-1

[Event "4NCL Div 1 2018-19"]
[Site "Daventry"]
[Date "2018.11.10"]
[Round "1"]
[White "Bentley, John L"]
[Black "Serbanescu, Diana-Maria"]
[Result "1-0"]
[ECO "A41"]
[WhiteElo "2135"]
[BlackElo "2000"]
[Annotator "ChessBase"]
[PlyCount "99"]
[EventDate "2018.11.10"]
[EventType "team-tourn"]
[EventCountry "GBR"]
[SourceTitle "playchess.com"]
[Source "ChessBase"]
[SourceQuality "1"]
[TimeControl "40/6000+30:3000+30"]

1. d4 d6 2. c4 e5 3. d5 f5 4. e4 fxe4 5. Nc3 Nf6 6. Bg5 Nbd7 7. Nxe4 Be7 8. Bxf6 Nxf6 9. Bd3 O-O 10. Ne2 Nxe4 11. Bxe4 Bh4 12. g3 Bf6 13. Qc2 g6 14. h4 Bg7 15. h5 Qf6 16. Nc3 Bg4 17. hxg6 h5 18. Rh2 a6 19. Kf1 Rae8 20. Kg1 Qg5 21. Qc1 Qxc1+ 22. Rxc1 Bh6 23. Rf1 Rf6 24. f3 Ref8 25. Kg2 Kg7 26. Rhh1 Bf5 27. Rxh5 Bxg6 28. Rh4 Bd2 29. Nd1 Bxe4 30. Rxe4 Rg6 31. Nf2 Bf4 32. Ng4 Bd2 33. Rd1 Bg5 34. Rd3 Bc1 35. Re2 Kf7 36. Rd1 Bg5 37. Re4 Kg7 38. b4 b6 39. Rd3 Bc1 40. c5 bxc5 41. bxc5 Rb8 42. cxd6 Rb2+ 43. Kf1 cxd6 44. Rc4 Bg5 45. Rb3 Rxa2 46. Rb7+ Kh8 47. Rc8+ Rg8 48. Rcc7 Ra8 49. Rh7+ Kg8 50. Ra7 1-0

[Event "4NCL Div 1 2018-19"]
[Site "Daventry"]
[Date "2018.11.10"]
[Round "1"]
[White "Pedersen, Carsten"]
[Black "Ledger, Dave J"]
[Result "0-1"]
[ECO "C24"]
[WhiteElo "2130"]
[BlackElo "2237"]
[Annotator "ChessBase"]
[PlyCount "112"]
[EventDate "2018.11.10"]
[EventType "team-tourn"]
[EventCountry "GBR"]
[SourceTitle "playchess.com"]
[Source "ChessBase"]
[SourceQuality "1"]
[TimeControl "40/6000+30:3000+30"]

1. e4 e5 2. Bc4 Nf6 3. d3 Bc5 4. Nf3 d6 5. O-O a6 6. a4 Nc6 7. c3 Ba7 8. Re1 O-O 9. h3 Ne7 10. Nh4 Be6 11. Bg5 Bxc4 12. dxc4 Ng6 13. Nf5 h6 14. Be3 Bxe3 15. Rxe3 Nf4 16. Nd2 Kh7 17. Nf3 Nd7 18. a5 Qf6 19. b4 Qg6 20. N3h4 Qe6 21. Qf1 g6 22. Ng3 Rg8 23. Nf3 Raf8 24. Nd2 f5 25. Ne2 Nh5 26. f3 f4 27. Rd3 g5 28. Qb1 Nhf6 29. Qa2 h5 30. Kf2 g4 31. hxg4 hxg4 32. c5 Qxa2 33. Rxa2 dxc5 34. Nc4 Rg7 35. Rd1 Re8 36. Rb2 cxb4 37. cxb4 Re6 38. b5 Nc5 39. Nc3 gxf3 40. gxf3 Nfd7 41. Rh1+ Kg8 42. Rd2 axb5 43. Nxb5 Rc6 44. Nba3 Rcg6 45. Rh2 Rg3 46. Nb5 Ne6 47. Rd1 Ng5 48. Nd2 Nc5 49. Rdh1 Rd7 50. Ke1 Kg7 51. Rh5 Rg2 52. R1h2 Rxh2 53. Rxh2 Rxd2 54. Rxd2 Nxf3+ 55. Ke2 Nxd2 56. Kxd2 Nxe4+ 0-1

[Event "4NCL Div 1 2018-19"]
[Site "Daventry"]
[Date "2018.11.10"]
[Round "1"]
[White "Stoeri, Laura"]
[Black "Ciuksyte, Dagne"]
[Result "1-0"]
[ECO "C06"]
[WhiteElo "2113"]
[BlackElo "2303"]
[Annotator "NA"]
[PlyCount "51"]
[EventDate "2018.11.10"]
[EventType "team-tourn"]
[EventCountry "GBR"]
[SourceTitle "playchess.com"]
[Source "ChessBase"]
[SourceQuality "1"]
[TimeControl "40/6000+30:3000+30"]

1. e4 e6 2. d4 d5 3. Nd2 Nf6 4. e5 Nfd7 5. Bd3 c5 6. c3 Nc6 7. Ngf3 Be7 8. O-O g5 9. dxc5 g4 10. Nd4 Ndxe5 11. N2b3 Nxd3 12. Qxd3 e5 13. Nxc6 $1 bxc6 14. Bh6 $11 {[%emt 0:02:39] LiveBook: 8 Games} Be6 15. Bg7 e4 16. Qa6 Rg8 17. Qxc6+ Bd7 18. Qh6 Qc7 19. Bd4 Be6 20. Qe3 f5 21. Qh6 Kd7 22. Qxh7 Rgf8 23. Rad1 a5 24. c4 Rf7 25. Qg6 Qc6 26. Be5 1-0

[Event "4NCL Div 1 2018-19"]
[Site "Daventry"]
[Date "2018.11.10"]
[Round "1"]
[White "Skulte, Christopher"]
[Black "Ledger, Andrew J"]
[Result "0-1"]
[ECO "C07"]
[WhiteElo "2110"]
[BlackElo "2348"]
[Annotator "NA"]
[PlyCount "82"]
[EventDate "2018.11.10"]
[EventType "team-tourn"]
[EventCountry "GBR"]
[SourceTitle "playchess.com"]
[Source "ChessBase"]
[SourceQuality "1"]
[TimeControl "40/6000+30:3000+30"]

1. e4 e6 2. d4 d5 3. Nd2 c5 4. exd5 Qxd5 5. Ngf3 cxd4 6. Bc4 Qd6 7. Qe2 Nf6 8. Nb3 Nc6 9. Bg5 Qb4+ {[%emt 0:01:52] C07: French Tarrasch: 3...c5, 4 Ngf3 and 4 exd5 Qxd5} 10. Bd2 Qb6 11. O-O-O Bd7 12. Bg5 Be7 13. Nbxd4 O-O 14. Rd2 $146 ({Predecessor:} 14. Nxc6 Bxc6 15. Ne5 Be8 16. h4 Rd8 17. Ng4 {½-½ (42) Maenhout,T (2355)-Berelowitsch,A (2571) Belgium 2010}) 14... a6 15. Nb3 Rfd8 16. Rhd1 Qc7 17. Kb1 Rac8 18. Bd3 Be8 19. c3 g6 20. g3 b5 21. Nfd4 Nxd4 22. Nxd4 Nd5 23. Bxe7 Qxe7 24. f4 Rxc3 25. Bc2 Rc7 26. Nf3 Rdc8 27. Bb3 Nb4 28. Ne5 a5 29. a3 a4 30. Bxe6 Qxe6 31. axb4 a3 32. Rd5 a2+ 33. Kxa2 f6 34. f5 Ra7+ 35. Kb3 Qa6 36. Rc5 Qa4+ 37. Kc3 Rxc5+ 38. bxc5 fxe5 39. Qxe5 b4+ 40. Kd2 Rd7+ 41. Ke3 Rxd1 {[%emt 0:01:22] Kd4 [%clk 00:49:59] [%emt 00:01:06]} 0-1

[Event "4NCL Div 1 2018-19"]
[Site "Daventry"]
[Date "2018.11.10"]
[Round "1"]
[White "Maroroa, Sue"]
[Black "Smith, Lynda"]
[Result "1-0"]
[ECO "B22"]
[WhiteElo "2104"]
[BlackElo "1930"]
[Annotator "NA"]
[PlyCount "101"]
[EventDate "2018.11.10"]
[EventType "team-tourn"]
[EventCountry "GBR"]
[SourceTitle "playchess.com"]
[Source "ChessBase"]
[SourceQuality "1"]
[TimeControl "40/6000+30:3000+30"]

1. e4 c5 2. c3 g6 3. d4 cxd4 4. cxd4 d5 5. e5 Nc6 6. Nc3 Bg7 7. h3 Nh6 {[%emt 0:00:34] B22: Sicilian: 2 c3} 8. g4 f6 9. f4 fxe5 10. fxe5 O-O 11. Bg2 e6 12. Nf3 b6 $146 ({Predecessor:} 12... Nf7 13. O-O b6 14. Be3 Ba6 15. Rf2 {½-½ (56) Sveshnikov,V (2394)-Kulaots,K (2560) Tallinn 2014}) 13. O-O Ba6 14. Rf2 Qd7 15. Be3 Na5 16. b3 Rac8 17. Qd2 Nf7 18. Bf1 Bxf1 19. Raxf1 Nc6 20. Ne1 Qd8 21. Nf3 a5 22. Na4 Qc7 23. Rc1 Rb8 24. Qe2 Rfc8 25. Qb5 Nfd8 26. Rfc2 h6 27. Kg2 g5 28. Bd2 Qb7 29. Be1 Bf8 30. h4 Ba3 31. Rd1 Nf7 32. Qd3 Ne7 33. Rf2 Rf8 34. hxg5 Nxg5 35. Nxg5 hxg5 36. Rf6 b5 37. Nc3 Qd7 38. Bd2 Rxf6 39. exf6 e5 40. fxe7 Qxg4+ 41. Qg3 Qxg3+ 42. Kxg3 Bxe7 43. dxe5 d4 44. Nd5 Bd8 45. Kg4 a4 46. Bxg5 axb3 $18 47. axb3 Bxg5 48. Kxg5 Kf7 49. Kf5 Rh8 50. e6+ Ke8 51. Nf6+ 1-0

[Event "4NCL Div 1 2018-19"]
[Site "Daventry"]
[Date "2018.11.10"]
[Round "1"]
[White "Lauterbach, Ingrid"]
[Black "Redmond, John P."]
[Result "0-1"]
[ECO "A34"]
[WhiteElo "2027"]
[BlackElo "2175"]
[Annotator "NA"]
[PlyCount "136"]
[EventDate "2018.11.10"]
[EventType "team-tourn"]
[EventCountry "GBR"]
[SourceTitle "playchess.com"]
[Source "ChessBase"]
[SourceQuality "1"]
[TimeControl "40/6000+30:3000+30"]

1. Nf3 Nf6 2. g3 c5 3. Bg2 Nc6 4. c4 d5 5. cxd5 Nxd5 6. O-O e5 7. d3 Be7 8. Nc3 Nc7 9. b3 O-O 10. Bb2 Re8 {[%emt 0:07:49] A34: Englische Eröffnung (Symmetrische Variante)} (10... Be6 11. Rc1 f6 12. e3 Qd7 13. Qe2 Rfd8 14. Rfd1 Rac8 15. Ne4 Na6 16. Rd2 Kh8 17. Rcd1 Bg4 18. Qf1 f5 19. Nc3 Bf6 {0-1 (36) Iturrizaga Bonelli,E (2636)-Vidit,S (2711) chess.com INT 2018}) 11. Rc1 Bf8 12. Na4 b6 $146 ({Vorgänger:} 12... Na6 13. Qd2 Bd7 14. Rfd1 Rb8 15. e3 f6 16. Nc3 Bg4 17. h3 Bh5 18. Ne2 {0-1 (69) Kovacs,D (2024)-Vargyas,Z (2106) Hungary 2009}) 13. a3 Bd7 14. Nd2 Rc8 15. b4 Nd4 16. Bxd4 cxd4 17. f4 exf4 18. Rxf4 Ne6 19. Rxc8 Qxc8 20. Rf2 b5 21. Nc5 Nxc5 22. bxc5 Qxc5 23. Ne4 Qe5 24. Qa1 Be6 25. e3 Rd8 26. Rf4 Kh8 27. Kh1 Be7 28. Qb2 a6 29. h4 f6 30. exd4 Qxd4 31. Nc3 Qd7 32. d4 Bd6 33. Rf3 Bh3 34. Ne4 Bf8 35. Rd3 Bxg2+ 36. Qxg2 Qd5 37. Nf2 Kg8 38. Qxd5+ Rxd5 39. Ne4 b4 40. axb4 Bxb4 41. Kg2 a5 42. Kf3 Kf7 43. Nd2 Bxd2 44. Rxd2 a4 45. Ke4 Ra5 46. d5 a3 47. Ra2 Ke7 48. Kd4 Kd6 49. Kc4 h5 50. Kb4 Ra8 51. Kc4 Ra7 52. Kb3 Kxd5 53. Rd2+ Ke4 54. Ka2 Kf3 55. Rd3+ Kg4 56. Rc3 g5 57. hxg5 fxg5 58. Rd3 h4 59. gxh4 Kxh4 60. Rd8 g4 61. Rh8+ Kg3 62. Rg8 Kf3 63. Rg6 g3 64. Rf6+ Kg2 65. Rc6 Kg1 66. Rg6 g2 67. Rc6 Rg7 68. Kxa3 Kf2 0-1

[Event "4NCL Div 1 2018-19"]
[Site "Daventry"]
[Date "2018.11.10"]
[Round "1"]
[White "Guha, Chirag"]
[Black "Walton, Alan J"]
[Result "0-1"]
[ECO "A96"]
[WhiteElo "2012"]
[BlackElo "2140"]
[Annotator "NA"]
[PlyCount "62"]
[EventDate "2018.11.10"]
[EventType "team-tourn"]
[EventCountry "GBR"]
[SourceTitle "playchess.com"]
[Source "ChessBase"]
[SourceQuality "1"]
[TimeControl "40/6000+30:3000+30"]

1. d4 e6 2. c4 f5 3. g3 Nf6 4. Bg2 Be7 5. Nf3 d6 6. O-O O-O 7. Nc3 Ne4 8. Qc2 Nxc3 9. bxc3 Nc6 10. Rd1 Qe8 11. d5 Na5 12. dxe6 Bxe6 13. Nd4 Bxc4 14. e4 fxe4 15. Bxe4 Qh5 16. Nf5 Rae8 $17 17. Bd5+ Kh8 18. Ne3 Ba6 19. Qa4 b6 20. Bd2 Qe2 21. Be1 Bg5 22. Rd2 Qh5 23. Qd4 c5 24. Qa4 Rxe3 25. fxe3 Bxe3+ 26. Bf2 Bxd2 27. c4 Qe2 28. Rf1 Be3 29. Bf7 Bb7 30. Qd7 Qf3 31. Bd5 Bxf2+ 0-1

[Event "4NCL Div 1 2018-19"]
[Site "Daventry"]
[Date "2018.11.10"]
[Round "1"]
[White "Webster, David"]
[Black "Yurenok, Maria S"]
[Result "1-0"]
[ECO "A08"]
[WhiteElo "1964"]
[BlackElo "2005"]
[Annotator "NA"]
[PlyCount "111"]
[EventDate "2018.11.10"]
[EventType "team-tourn"]
[EventCountry "GBR"]
[SourceTitle "playchess.com"]
[Source "ChessBase"]
[SourceQuality "1"]
[TimeControl "40/6000+30:3000+30"]

1. e4 c5 2. Nf3 e6 3. d3 Nc6 4. g3 g6 5. Bg2 Bg7 6. O-O Nge7 7. c3 d5 8. Nbd2 O-O 9. Re1 b6 10. e5 Ba6 11. Nf1 {[%emt 0:02:23] A08: King's Indian Attack} h6 (11... Qc7 12. Bf4 Rac8 13. Qd2 d4 14. c4 Nb8 15. Re2 Nd7 16. Bh6 Bb7 17. Bxg7 Kxg7 18. Rae1 Bxf3 19. Bxf3 Nc6 20. Bxc6 Qxc6 {1-0 (46) Vila Gazquez,X (2472)-Akbarinia,S (2403) Barcelona 2016}) 12. h4 Rc8 13. Bf4 Nf5 14. Qd2 $146 ({Predecessor:} 14. Bh3 b5 15. Qd2 Kh7 16. h5 g5 17. Bxf5+ exf5 18. Bxg5 hxg5 19. Nxg5+ {1-0 (44) Lomakina,G (2231)-Yuganova,M (1900) Tula 2007}) 14... f6 15. g4 fxe5 16. gxf5 exf4 17. Rxe6 gxf5 18. Qxf4 Qc7 19. Qd2 Rce8 20. Rae1 Qd7 21. Rxe8 Rxe8 22. Rxe8+ Qxe8 23. Ng3 Bc8 24. Qf4 Qf7 25. Bh3 Be6 26. Bxf5 Bxf5 27. Nxf5 Ne7 28. Nxe7+ Qxe7 29. Qf5 Qd6 30. h5 Kh8 31. Nh4 d4 32. Qf7 Qf6 33. Ng6+ Kh7 34. Qxf6 Bxf6 35. c4 Kg7 36. Kg2 a6 37. Kf3 Kf7 38. Ke4 b5 39. Kd5 bxc4 40. Kxc4 Ke6 41. Kxc5 Kf5 42. Kd5 Kg4 43. Ke4 Kxh5 44. Kf5 Bd8 45. b4 Bg5 46. a4 Bd2 47. b5 axb5 48. axb5 $18 Ba5 49. Nf4+ Kh4 50. Nd5 h5 51. b6 Bxb6 52. Nxb6 Kh3 53. Nd5 Kg2 54. Nf4+ Kxf2 55. Nxh5 Ke3 56. Nf4 1-0

[Event "4NCL Div 1 2018-19"]
[Site "Daventry"]
[Date "2018.11.10"]
[Round "1"]
[White "Sheremetyeva, Elizaveta"]
[Black "Martinez, Ayelen"]
[Result "0-1"]
[ECO "C35"]
[WhiteElo "1885"]
[BlackElo "2196"]
[Annotator "NA"]
[PlyCount "38"]
[EventDate "2018.11.10"]
[EventType "team-tourn"]
[EventCountry "GBR"]
[SourceTitle "playchess.com"]
[Source "ChessBase"]
[SourceQuality "1"]
[TimeControl "40/6000+30:3000+30"]

1. e4 e5 2. f4 exf4 3. Nf3 Be7 4. Bc4 Bh4+ 5. Kf1 d5 6. exd5 Bg4 7. d3 Qf6 8. Nc3 Ne7 9. Ne4 Qb6 10. Bxf4 O-O 11. Be5 Nf5 12. Qd2 Ne3+ 13. Ke2 Nxc4 14. dxc4 Nd7 15. Bd4 c5 16. Be3 Rae8 17. Nf2 Ne5 18. b3 Qf6 19. Kf1 Nxf3 0-1